 Dungeon Sprint DCSS version 0.21-a0-286-g6fcecc0 (webtiles) character file.

20225 Kidiri the Eclecticist (level 12, -4/82 HPs)
             Began as a Deep Elf Fire Elementalist on Sept 26, 2017.
             Was the Champion of Vehumet.
             Slain by an anaconda (13 damage)
             ... in the Dungeon (Sprint III: "The Ten Rune Challenge").
             The game lasted 00:20:39 (3876 turns).

Kidiri the Eclecticist (Deep Elf Fire Elementalist) Turns: 3876, Time: 00:20:40

Health: -4/82      AC:  5    Str:  5    XL:     12   Next: 43%
Magic:  15/37      EV: 15    Int: 26    God:    Vehumet [******]
Gold:   106        SH:  0    Dex: 15    Spells: 7/49 levels left

rFire    . . .     SeeInvis .   A - +1 rapier (drain)
rCold    . . .     Gourm    .   (no shield)
rNeg     . . .     Faith    .   a - +1 leather armour {rPois}
rPois    +         Spirit   .   (helmet restricted)
rElec    .         Reflect  .   (no cloak)
rCorr    .         Harm     .   (no gloves)
MR       ++...     NoTele   +   (no boots)
Stlth    ++........             (no amulet)
HPRegen  0.23/turn              d - ring of protection from magic
MPRegen  0.25/turn              (no ring)

@: constricted
A: horns 1, robust 1
a: Renounce Religion


You were in the Dungeon.
You worshipped Vehumet.
Vehumet was exalted by your worship.
You were not hungry.

You visited 1 branch You collected 106 gold pieces.

Inventory:

Hand Weapons
 A - a +1 rapier of draining (weapon)
Missiles
 m - 2 throwing nets (quivered)
Armour
 a - a +1 leather armour of poison resistance (worn)
Jewellery
 d - a ring of protection from magic (left hand)
Wands
 u - a wand of acid (5/15)
Scrolls
 p - a scroll of torment
 q - a scroll of amnesia {unknown}
 s - 2 scrolls of immolation {unknown}
 t - 3 scrolls of remove curse
Potions
 e - a potion of heal wounds
 f - a potion of haste
 g - a potion of magic
 h - 3 potions of berserk rage
 j - 2 potions of resistance
 r - 3 potions of flight
 v - 2 potions of curing
 z - a potion of might
Comestibles
 b - 6 fruits
 c - 3 bread rations
 o - 29 royal jellies


   Skills:
 + Level 8.4 Fighting
 - Level 8.7 Short Blades
 + Level 8.5 Armour
 - Level 10.7 Dodging
 - Level 2.4 Stealth
 * Level 19.1 Spellcasting
 + Level 11.9 Conjurations
 + Level 12.3 Fire Magic
 + Level 9.1 Ice Magic
 + Level 10.2 Air Magic
 + Level 10.7 Poison Magic


You had 7 spell levels left.
You knew the following spells:

 Your Spells              Type           Power        Failure   Level  Hunger
a - Flame Tongue          Conj/Fire      #####        0%          1    None
b - Throw Flame           Conj/Fire      ######       1%          2    None
c - Conjure Flame         Conj/Fire      ######..     1%          3    None
d - Inner Flame           Hex/Fire       ######..     1%          3    None
e - Ignite Poison         Fire/Tmut/Pois ######..     1%          3    None
f - Sticky Flame          Conj/Fire      ######..     1%          4    None
g - Fireball              Conj/Fire      ######....   1%          5    None
h - Bolt of Fire          Conj/Fire      ######....   1%          6    ##.....
i - Throw Frost           Conj/Ice       ######       1%          2    None
j - Freezing Cloud        Conj/Ice/Air   ######....   1%          6    ##.....
k - Airstrike             Air            ######....   1%          4    None
l - Mephitic Cloud        Conj/Pois/Air  ######..     1%          3    None


Dungeon Overview and Level Annotations

Branches:
Dungeon (1/1)

Altars:
Cheibriados
Dithmenos
Elyvilon
Fedhas
Gozag
Hepliaklqana
Kikubaaqudgha
Makhleb
Nemelex Xobeh
Okawaru
Qazlal
Ru
Sif Muna
Trog
Uskayaw
Vehumet
Wu Jian
Xom
Yredelemnul
Zin
The Shining One
Beogh
Jiyva
Lugonu

Annotations:
D exclusion: 6 doors


Innate Abilities, Weirdness & Mutations

You have a pair of small horns on your head.
You are robust. (+10% HP)


Message History

Aiming: Sticky Flame
Press: ? - help, Shift-Dir - straight line, f/p - anaconda
Aim: an anaconda (lightly wounded, constricting you)
The sticky flame hits the anaconda.
The anaconda is moderately wounded.
The anaconda is covered in liquid flames!
The anaconda burns!
The anaconda completely misses you.
* * * LOW HITPOINT WARNING * * *
The anaconda constricts you. The anaconda bites you.
* * * LOW HITPOINT WARNING * * *
x2 The anaconda constricts you.
Casting: Sticky Flame
Confirm with . or Enter, or press ? or * to list all spells.
Aiming: Bolt of Fire
Press: ? - help, Shift-Dir - straight line, f/p - anaconda
Aim: an anaconda (moderately wounded, constricting you, covered in liquid flames)
The bolt of fire hits the anaconda.
The anaconda is almost dead.
The anaconda burns!
The anaconda bites you!
You die...

..♣
♣..#.##().#≈≈.....§§§#
###♣
♣♣.##.##..#≈..+#######
..PP
♣♣.##.#####...#......#
...P
♣.....##.....)#♣..._.#
+###
########'#############
#..%÷....÷..##
#............#
###########..#
##.@.........#
#§§S........##
#.§########## #.§..
##§...S #######


You could see an anaconda (burning).

Vanquished Creatures
  Rupert (D)
  Erolcha (D)
  4 anacondas (D)
  4 death yaks (D)
  Urug (D)
  A spriggan druid (D)
  A death drake (D)
  A lindwurm (D)
  A deep elf mage (D)
  6 black mambas (D)
  2 spiny frogs (D)
  A komodo dragon (D)
  A rime drake (D)
  A queen bee (D)
  3 wandering mushrooms (D)
  8 blink frogs (D)
  2 tyrant leeches (D)
  2 spriggans (D)
  4 redbacks (D)
  A shadow (D)
  A spatial vortex (D)
  A water moccasin (D)
  A swamp drake (D)
  A hydra simulacrum (D)
  3 black mamba simulacra (D)
  A necrophage (D)
  5 two-headed ogres (D)
  A water elemental (D)
  30 killer bees (D)
  A jelly (D)
  A wizard (D)
  Jessica (D)
  A necromancer (D)
  3 humans (D)
  A kobold demonologist (D)
  A wolf (D)
  2 adders (D)
  An ooze (D)
  2 rats (D)
  A ballistomycete (D)
  A ballistomycete spore (D)
  4 plants (D)
110 creatures vanquished.

Vanquished Creatures (collateral kills)
  A redback (D)
  2 killer bees (D)
3 creatures vanquished.

Vanquished Creatures (others)
  2 draconian scorchers (D)
  2 hydras (D)
  6 hellions (D)
  3 yaktaurs (D)
  An electric eel (D)
14 creatures vanquished.

Grand Total: 127 creatures vanquished

Notes
Turn   | Place    | Note
-------+----------+-------------------------------------------
     0 | D        | Kidiri the Deep Elf Fire Elementalist began the quest for the Orb.
     0 | D        | Reached XP level 1. HP: 10/10 MP: 6/6
    16 | D        | Reached skill level 4 in Spellcasting
    45 | D        | Noticed Jessica
    50 | D        | Killed Jessica
    50 | D        | Reached skill level 6 in Spellcasting
    50 | D        | Reached XP level 2. HP: 14/15 MP: 2/11
    50 | D        | Reached XP level 3. HP: 18/19 MP: 2/13
    59 | D        | Learned a level 2 spell: Throw Flame
    63 | D        | Learned a level 3 spell: Conjure Flame
    63 | D        | Killed a yaktaur
    67 | D        | Learned a level 3 spell: Inner Flame
    74 | D        | Killed a hellion
    88 | D        | Killed a hellion
    88 | D        | Killed a hellion
    89 | D        | Killed a hellion
   128 | D        | Killed a hellion
   144 | D        | Killed a white draconian scorcher
   162 | D        | Killed a hellion
   222 | D        | Killed a white draconian scorcher
   265 | D        | Reached skill level 7 in Spellcasting
   283 | D        | Gained mutation: You have large cloven feet. [potion of mutation]
   283 | D        | Gained mutation: You are partially covered in large bone plates. (SH +4) [potion of mutation]
   283 | D        | Gained mutation: You are partially covered in molten scales. (AC +2) [potion of mutation]
   284 | D        | Lost mutation: You have large cloven feet. [potion of mutation]
   284 | D        | Lost mutation: You are partially covered in large bone plates. (SH +4) [potion of mutation]
   284 | D        | Gained mutation: You have large cloven feet. [potion of mutation]
   284 | D        | Gained mutation: Your muscles are strong. (Str +2) [potion of mutation]
   285 | D        | Lost mutation: You have large cloven feet. [potion of mutation]
   285 | D        | Lost mutation: Your muscles are strong. (Str +2) [potion of mutation]
   285 | D        | Lost mutation: You are partially covered in molten scales. (AC +2) [potion of mutation]
   285 | D        | Gained mutation: You have large cloven feet. [potion of mutation]
   285 | D        | Gained mutation: You are agile. (Dex +2) [potion of mutation]
   285 | D        | Lost mutation: You are agile. (Dex +2) [potion of mutation]
   285 | D        | Gained mutation: You can translocate small distances at will. [potion of mutation]
   286 | D        | Lost mutation: You can translocate small distances at will. [potion of mutation]
   286 | D        | Lost mutation: You have large cloven feet. [potion of mutation]
   286 | D        | Gained mutation: You are robust. (+10% HP) [potion of mutation]
   286 | D        | Gained mutation: You have a pair of small horns on your head. [potion of mutation]
   298 | D        | Reached skill level 5 in Fire Magic
   360 | D        | Noticed a water elemental
   362 | D        | Killed a water elemental
   362 | D        | Reached skill level 9 in Spellcasting
   362 | D        | Reached skill level 5 in Conjurations
   362 | D        | Reached XP level 4. HP: 26/26 MP: 11/17
   379 | D        | Learned a level 4 spell: Sticky Flame
   401 | D        | Found a radiant altar of Vehumet.
   402 | D        | Found a deep blue altar of Sif Muna.
   402 | D        | Found an ancient bone altar of Kikubaaqudgha.
   402 | D        | Noticed a wizard
   404 | D        | Noticed a rust devil
   404 | D        | Killed a wizard
   404 | D        | Reached skill level 10 in Spellcasting
   404 | D        | Reached XP level 5. HP: 30/30 MP: 13/19
   420 | D        | Learned a level 5 spell: Fireball
   424 | D        | Learned a level 3 spell: Mephitic Cloud
   430 | D        | Became a worshipper of Vehumet
   490 | D        | Found a glowing silver altar of Zin.
   491 | D        | Found a glowing golden altar of the Shining One.
   491 | D        | Found a white marble altar of Elyvilon.
   491 | D        | Noticed a deep elf mage
   497 | D        | Killed a deep elf mage
   497 | D        | Reached skill level 11 in Spellcasting
   497 | D        | Reached XP level 6. HP: 39/39 MP: 12/22
   497 | D        | Reached XP level 7. HP: 44/44 MP: 13/24
   554 | D        | Found an ornate altar of the Wu Jian Council.
   554 | D        | Found a roughly hewn altar of Beogh.
   554 | D        | Found an iron altar of Okawaru.
   554 | D        | Found a bloodstained altar of Trog.
   554 | D        | Found a hide-covered altar of Uskayaw.
   554 | D        | Noticed a human
   556 | D        | Noticed a human
   563 | D        | Killed a human
   563 | D        | Reached skill level 5 in Dodging
   563 | D        | Reached skill level 12 in Spellcasting
   564 | D        | Killed a human
   564 | D        | Reached * piety under Vehumet
   564 | D        | Offered knowledge of Freeze by Vehumet.
   657 | D        | Found a basalt altar of Yredelemnul.
   657 | D        | Found a shadowy altar of Dithmenos.
   657 | D        | Found a sacrificial altar of Ru.
   702 | D        | Reached ** piety under Vehumet
   703 | D        | Noticed a shadow
   705 | D        | Killed a shadow
   705 | D        | Reached XP level 8. HP: 50/50 MP: 17/26
   749 | D        | Found a blossoming altar of Fedhas.
   749 | D        | Found a stormy altar of Qazlal.
   749 | D        | Found a snail-covered altar of Cheibriados.
   749 | D        | Found a burning altar of Makhleb.
   749 | D        | Found a shimmering altar of Xom.
   750 | D        | Found a hazy altar of Hepliaklqana.
   750 | D        | Found an opulent altar of Gozag.
   750 | D        | Found a sparkling altar of Nemelex Xobeh.
   750 | D        | Found a corrupted altar of Lugonu.
   750 | D        | Found a viscous altar of Jiyva.
   773 | D        | Offered knowledge of Shock by Vehumet.
   773 | D        | Reached skill level 13 in Spellcasting
   773 | D        | Reached skill level 5 in Poison Magic
   882 | D        | Reached *** piety under Vehumet
   964 | D        | Noticed a two-headed ogre
   971 | D        | Killed a two-headed ogre
   971 | D        | Offered knowledge of Throw Frost by Vehumet.
   971 | D        | Reached skill level 5 in Short Blades
   971 | D        | Reached skill level 5 in Air Magic
   973 | D        | Noticed a two-headed ogre
   978 | D        | Noticed Erolcha
   987 | D        | Killed a two-headed ogre
   991 | D        | Learned a level 2 spell: Throw Frost
  1120 | D        | Offered knowledge of Airstrike by Vehumet.
  1120 | D        | Reached XP level 9. HP: 57/57 MP: 19/28
  1121 | D        | Killed Erolcha
  1121 | D        | Reached **** piety under Vehumet
  1121 | D        | Reached skill level 5 in Armour
  1121 | D        | Reached skill level 14 in Spellcasting
  1129 | D        | Learned a level 4 spell: Airstrike
  1202 | D        | Offered knowledge of Ignite Poison by Vehumet.
  1207 | D        | Reached ***** piety under Vehumet
  1211 | D        | Learned a level 3 spell: Ignite Poison
  1211 | D        | Offered knowledge of Freezing Cloud by Vehumet.
  1214 | D        | Reached skill level 5 in Fighting
  1223 | D        | Reached ****** piety under Vehumet
  1223 | D        | Reached skill level 15 in Spellcasting
  1223 | D        | Reached XP level 10. HP: 61/64 MP: 27/31
  1237 | D        | Reached skill level 10 in Fire Magic
  1300 | D        | Learned a level 6 spell: Freezing Cloud
  1507 | D        | Noticed a spiny frog
  1507 | D        | Noticed a spiny frog
  1511 | D        | Killed a spiny frog
  1511 | D        | Offered knowledge of Iskenderun's Battlesphere by Vehumet.
  1512 | D        | Killed a spiny frog
  1513 | D        | Reached skill level 5 in Ice Magic
  1581 | D        | Killed a five-headed hydra
  1710 | D        | Killed a seven-headed hydra
  1809 | D        | Reached skill level 16 in Spellcasting
  1867 | D        | Noticed a lindwurm
  1872 | D        | Offered knowledge of Poison Arrow by Vehumet.
  1872 | D        | Reached skill level 10 in Conjurations
  1874 | D        | Killed a lindwurm
  2036 | D        | Noticed Urug
  2044 | D        | Killed Urug
  2143 | D        | Reached XP level 11. HP: 72/72 MP: 33/33
  2173 | D        | Offered knowledge of Conjure Ball Lightning by Vehumet.
  2267 | D        | Noticed Rupert
  2300 | D        | Killed Rupert
  2300 | D        | Reached skill level 10 in Dodging
  2300 | D        | Reached skill level 17 in Spellcasting
  2443 | D        | Noticed a death yak
  2444 | D        | Noticed a death yak
  2449 | D        | Noticed a death yak
  2452 | D        | Killed a death yak
  2453 | D        | Killed a death yak
  2453 | D        | Offered knowledge of Bolt of Fire by Vehumet.
  2454 | D        | Noticed a death yak
  2458 | D        | Killed a death yak
  2459 | D        | Killed a death yak
  2657 | D        | Learned a level 6 spell: Bolt of Fire
  2662 | D        | Noticed an azure jelly
  2662 | D        | Noticed an azure jelly
  2666 | D        | Reached skill level 18 in Spellcasting
  2733 | D        | Offered knowledge of Spellforged Servitor by Vehumet.
  2862 | D        | Noticed a death drake
  2866 | D        | Found a blossoming altar of Fedhas.
  2866 | D        | Noticed a spriggan druid
  2873 | D        | Killed a death drake
  2873 | D        | Reached XP level 12. HP: 31/78 MP: 23/36
  3248 | D        | Paralysed by a spriggan for 6 turns
  3257 | D        | Reached skill level 10 in Poison Magic
  3535 | D        | Noticed an anaconda
  3537 | D        | Killed an anaconda
  3537 | D        | Offered knowledge of Ozocubu's Refrigeration by Vehumet.
  3603 | D        | Noticed an anaconda
  3603 | D        | Noticed an anaconda
  3613 | D        | Killed an anaconda
  3613 | D        | Reached skill level 10 in Air Magic
  3614 | D        | Killed an anaconda
  3617 | D        | Reached skill level 19 in Spellcasting
  3864 | D        | Noticed an anaconda
  3865 | D        | Noticed an anaconda
  3869 | D        | Offered knowledge of Lehudib's Crystal Spear by Vehumet.
  3869 | D        | Offered knowledge of Glaciate by Vehumet.
  3869 | D        | Offered knowledge of Tornado by Vehumet.
  3871 | D        | Killed an anaconda
  3876 | D        | Slain by an anaconda

Vault maps used:
D:        dungeon_sprint_mu

Skill      XL: |  1  2  3  4  5  6  7  8  9 10 11 12 |
---------------+-------------------------------------+-----
Spellcasting   | 6 9 10 11 12 13 15 16 18 19 | 19.1
Conjurations   | 3 5 6 7 8 9 10 11 | 11.9
Fire Magic     | 4 6 7 8 9 10 11 12 | 12.3
Fighting       | 2 3 4 5 6 7 8 |  8.4
Short Blades   | 3 4 5 6 7 8 |  8.7
Armour         | 2 3 4 5 6 7 8 |  8.5
Dodging        | 4 5 7 8 9 10 | 10.7
Air Magic      | 3 4 5 6 7 9 10 | 10.2
Poison Magic   | 3 4 6 7 8 9 10 | 10.7
Ice Magic      | 3 5 8 9 |  9.1
Stealth        | |  2.4

Action                   |  1- 3 |  4- 6 |  7- 9 | 10-12 || total
-------------------------+-------+-------+-------+-------++-------
Melee: Dagger            |       |     2 |    10 |    11 ||    23
       Headbutt          |       |       |       |     1 ||     1
       Rapier            |       |       |       |     4 ||     4
 Cast: Flame Tongue      |    16 |     1 |    54 |    34 ||   105
       Throw Flame       |     2 |       |       |       ||     2
       Conjure Flame     |     1 |       |     6 |    10 ||    17
       Sticky Flame      |       |     3 |     7 |    22 ||    32
       Mephitic Cloud    |       |     1 |     6 |     5 ||    12
       Inner Flame       |       |       |    16 |       ||    16
       Airstrike         |       |       |     3 |     5 ||     8
       Ignite Poison     |       |       |       |     3 ||     3
       Throw Frost       |       |       |       |     2 ||     2
       Freezing Cloud    |       |       |       |     8 ||     8
       Fireball          |       |       |       |     1 ||     1
       Bolt of Fire      |       |       |       |    14 ||    14
  Use: Potion            |     4 |       |     1 |     3 ||     8
       Scroll            |       |       |       |     4 ||     4
 Stab: Sleeping          |       |     1 |       |     2 ||     3
       Confused          |       |       |     1 |     1 ||     2
  Eat: Chunk             |       |       |     1 |     6 ||     7
       Fruit             |       |       |       |     2 ||     2
       Royal jelly       |       |       |       |     1 ||     1
Armor: Robe              |       |     1 |     1 |       ||     2
       Leather armour    |       |       |       |     2 ||     2
Dodge: Dodged            |     4 |     2 |    18 |    36 ||    60

Table legend:
 A = Spawn XP
 B = Non-spawn XP
 C = Spawn XP percentage of total XP
 D = Spawn monster count
 E = Non-spawn monster count
 F = Spawn count percentage of total count
 G = Total turns spent on level
                    A         B        C        D         E        F      G
               +---------+---------+-------+---------+---------+-------+---------
         Total |       0 |   28894 |   0.0 |       0 |     107 |   0.0 |  3876
               +---------+---------+-------+---------+---------+-------+---------
             D |       0 |   28894 |   0.0 |       0 |     107 |   0.0 |  3876
               +---------+---------+-------+---------+---------+-------+---------
